 Dungeon Crawl Stone Soup version 0.29-a0-294-g83ea962da3 (webtiles) character file.

Game seed: 3011037669290639130

175 tilp the Chiller (level 5, 23/23 HPs)
             Began as a Felid Ice Elementalist on Mar 18, 2022.
             Was an Initiate of Vehumet.
             Quit the game on level 5 of the Dungeon.
             The game lasted 00:06:34 (6721 turns).

tilp the Chiller (Felid Ice Elementalist)           Turns: 6721, Time: 00:06:34

Health: 23/23      AC:  2    Str:  4    XL:     5   Next: 29%
Magic:  10/10      EV: 17    Int: 18    God:    Vehumet [......]
Gold:   248        SH:  0    Dex: 17    Spells: 3/10 levels left
                                        Lives:  0   Deaths: 1

rFire   . . .      SeeInvis +   (weapon unavailable)
rCold   . . .      Faith    .   (shield unavailable)
rNeg    . . .      Spirit   .   (body armour unavailable)
rPois   .          Reflect  .   (helmet unavailable)
rElec   .          Harm     .   (cloak unavailable)
rCorr   +          Rampage  .   (gloves unavailable)
Will    .....                   (boots unavailable)
Stlth   ++........              (no amulet)
HPRegen 0.07/turn               h - ring of resist corrosion
MPRegen 0.12/turn               (no ring)

@: quick
A: very small, claws 1, fangs 3, see invisible, speed 1, shaggy fur 2, stealthy
paws, no weapons or thrown items, no armour, multi-lived
a: Renounce Religion


You were on level 5 of the Dungeon.
You worshipped Vehumet.
Vehumet was noncommittal.
You visited 2 branches of the dungeon, and saw 6 of its levels.

You collected 248 gold pieces.

Inventory:

Jewellery
 h - a ring of resist corrosion (left paw)
Scrolls
 o - a scroll of vulnerability
Potions
 a - 2 potions of magic
 b - a potion of haste
 c - a potion of attraction
 d - 2 potions of curing
 e - 2 potions of flight
 f - 3 potions of mutation
 g - a potion of lignification {unknown}
 i - a potion of invisibility {unknown}
 m - a potion of resistance {unknown}


   Skills:
 * Level 2.3 Fighting
 + Level 2.9 Dodging
 + Level 2.8 Stealth
 + Level 0.4 Unarmed Combat
 - Level 3.0 Spellcasting
 - Level 6.0 Ice Magic


You had 3 spell levels left.
You knew the following spells:

 Your Spells              Type           Power      Damage    Failure   Level
a - Freeze                Ice            96%        1d11      1%          1
b - Frozen Ramparts       Ice            48%        1d6       4%          3
c - Ozocubu's Armour      Ice            24%        N/A       4%          3

Your spell library contained the following spells:

 Spells                   Type           Power      Damage    Failure   Level
 Hailstorm                Conj/Ice       13%        3d5       43%         4
 Borgnjor's Revivificati  Necr           1%         N/A       100%        8
 Necromutation            Tmut/Necr      1%         N/A       100%        8
 Death's Door             Necr           1%         N/A       100%        9


Dungeon Overview and Level Annotations

Branches:
Dungeon (5/15)             Temple (1/1) D:4

Altars:
Ashenzari
Cheibriados
Dithmenos
Elyvilon
Fedhas
Gozag
Hepliaklqana
Kikubaaqudgha
Makhleb
Nemelex Xobeh
Okawaru
Qazlal
Ru
Sif Muna
Uskayaw
Vehumet
Wu Jian
Xom
Yredelemnul
Zin
The Shining One

Shops:
D:3 (


Innate Abilities, Weirdness & Mutations

You have sharp claws.
You have razor-sharp teeth.
You have supernaturally acute eyesight. (SInv)
You cover ground quickly. (Speed+)
You are covered in thick fur. (AC +2)
Your paws help you pounce on unaware monsters.
You are incapable of wielding weapons or throwing items.
You cannot wear armour.
You gain extra lives every three experience levels.


Message History

The puff of flame hits you. The heat melts your icy armour.
Casting: Freeze (safe; 1% risk of failure)
Confirm with . or Enter, or press ? or * to list all spells.
Aiming: Freeze (safe; 1% risk of failure)
Press: ? - help, Shift-Dir - straight line, f/p - orc priest
Aim: an orc priest, wielding a +0 whip (severely wounded)
You freeze the orc priest.
The orc priest is almost dead.
The orc priest hits you but does no damage.
Unknown command.
Unknown command.
Casting: Freeze (safe; 1% risk of failure)
Confirm with . or Enter, or press ? or * to list all spells.
You don't have enough magic to cast this spell.
Unknown command.
You scratch the orc priest.
The orc priest is almost dead.
The orc priest mumbles some strange prayers to Beogh against you.
Beogh smites you!
* * * LOW HITPOINT WARNING * * *
Unknown command.
You closely miss the orc priest.
The orc priest is almost dead.
The orc priest hits you with a +0 whip.
* * * LOW HITPOINT WARNING * * *
Unknown command.
You scratch the orc priest but do no damage.
The orc priest is almost dead.
The orc priest calls down the wrath of Beogh upon you.
Beogh smites you!
You die...
The orc wizard closely misses you.
You are now level 5!
You rejoin the land of the living...
Found 11 gold pieces.
Found a stone staircase leading up.
Unknown command.
Unknown command.
Unknown command.
Are you sure you want to abandon this character and quit the game? (Confirm with "yes".)

### ###..
.<$.########
####.........#
##............#
.......@....#
...........##
..........##
........###
......###
..#### #


There were no monsters in sight!

Vanquished Creatures
  Blork the orc (D:4)
  A hound (D:4)
  A gnoll shaman (D:4)
  2 orc wizards (D:4)
  6 gnolls
  4 adders
  A dart slug (D:4)
  10 orcs
  7 bats
  2 endoplasms
  3 giant cockroaches
  6 goblins
  6 hobgoblins
  2 quokkas
  4 ball pythons
  3 frilled lizards
  4 kobolds
  6 rats
69 creatures vanquished.

Notes
Turn   | Place    | Note
-------+----------+-------------------------------------------
     0 | D:1      | tilp the Felid Ice Elementalist began the quest for the
                  | Orb.
     0 | D:1      | Reached XP level 1. HP: 7/7 MP: 4/4
   115 | D:1      | Found a faded altar of an unknown god.
   162 | D:1      | Reached XP level 2. HP: 5/12 MP: 0/6
   821 | D:1      | Reached skill level 4 in Ice Magic
  1623 | D:2      | Reached skill level 1 in Fighting
  1712 | D:2      | Reached XP level 3. HP: 15/15 MP: 3/7
  2570 | D:2      | Learned a level 3 spell: Frozen Ramparts
  3503 | D:3      | Found Sairr's Weapon Emporium.
  3726 | D:3      | Learned a level 3 spell: Ozocubu's Armour
  3730 | D:3      | Reached XP level 4. HP: 19/19 MP: 1/8
  4191 | D:4      | Found a staircase to the Ecumenical Temple.
  4243 | Temple   | Entered the Ecumenical Temple
  4431 | Temple   | Became a worshipper of Vehumet
  5015 | D:4      | Noticed Blork the orc
  5466 | D:4      | Reached XP level 5. HP: 8/22 MP: 2/10
  5674 | D:4      | Reached skill level 5 in Ice Magic
  6003 | D:4      | Killed Blork the orc
  6177 | D:4      | Gained mutation: You are covered in thick fur. (AC +2)
                  | [Felid growth]
  6177 | D:4      | Reached XP level 6. HP: 22/26 MP: 5/11
  6384 | D:4      | Reached skill level 6 in Ice Magic
  6699 | D:5      | Entered Level 5 of the Dungeon
  6720 | D:5      | Killed from afar by an orc priest
  6721 | D:5      | Reached XP level 5. HP: -7/23 MP: 0/10
  6721 | D:5      | Quit the game

Illustrated notes

Levels and vault maps discovered:
D:1:      amcnicky_arrival_wind_blow, layout_rooms,
          shapermc_ecumenical_altar_starsandcircs
D:2:      layout_basic
D:3:      layout_basic, serial_shops, nicolae_shop_bloodbath_and_beyond
D:4:      minmay_evil_eye, layout_loops_corners,
          minmay_temple_entry_stoned_glass, uniq_blork_the_orc
D:5:      cheibrodos_two_vegetables, layout_cave_pods, minmay_between
Temple:   kilobyte_greek_temple

Skill      XL: |  1  2  3  4  5  6 |
---------------+-------------------+-----
Ice Magic      | 4 5 6 |  6.0
Fighting       | 1 2 |  2.3
Spellcasting   | 3 |  3.0
Dodging        | |  2.9
Stealth        | |  2.8
Unarmed Combat | |  0.4

Action                   |  1- 3 |  4- 6 || total
-------------------------+-------+-------++-------
Melee: Unarmed           |    18 |    10 ||    28
       Bite              |     3 |     2 ||     5
 Cast: Freeze            |    46 |    30 ||    76
       Frozen Ramparts   |     3 |    16 ||    19
       Ozocubu's Armour  |     1 |     6 ||     7
  Use: Scroll            |     5 |     7 ||    12
 Stab: Sleeping          |     9 |     3 ||    12
Armor: Skin              |     4 |     4 ||     8
Dodge: Dodged            |    50 |    22 ||    72

Table legend: (Time is in decaauts)
 A = Elapsed time spent in this place.
 B = Non-inter-level travel time spent in this place.
 C = Inter-level travel time spent in this place.
 D = Time resting spent in this place.
 E = Time spent auto-exploring this place.
 F = Levels seen in this place.
 G = Mean time per level.
                   A        B        C        D        E       F      G
               +--------+--------+--------+--------+--------+-----+--------+
         Total |   5928 |   5582 |    346 |    797 |   4094 |   6 |  988.0 |
       Dungeon |   5737 |   5449 |    288 |    797 |   3967 |   5 | 1147.4 |
        Temple |    191 |    134 |     57 |      0 |    127 |   1 |  191.0 |
               +--------+--------+--------+--------+--------+-----+--------+

Top non-repeatable levels by time:
     D:4: 1584 daAuts
     D:3: 1509 daAuts
     D:2: 1348 daAuts
     D:1: 1274 daAuts
  Temple: 191 daAuts
     D:5: 20 daAuts
